[Event "*** Titled Tuesday Blitz"]
[Site "Chess.com"]
[Date "2019.11.05"]
[Round "10"]
[White "DonPreuss"]
[Black "ER404"]
[Result "0-1"]
[WhiteElo "2119"]
[BlackElo "2277"]
[TimeControl "180+2"]
[EndTime "15:20:34 PST"]
[Termination "ER404 won on time"]

1. d4 Nf6 2. Nc3 d5 3. e4 dxe4 4. f3 exf3 5. Nxf3 Bf5 6. Ne5 e6 7. g4 Bg6 8. g5 Nd5 9. Qf3 Nd7 10. Nxg6 hxg6 11. Nxd5 exd5 12. Qxd5 Qe7+ 13. Be2 O-O-O 14.
Qa5 Re8 15. Qd2 Rh4 16. Rf1 Rxd4 17. Rf2 Rxd2 18. Bxd2 Nc5 19. O-O-O Ne4 20. Bg4+ Kb8 21. Re2 f5 22. gxf6 gxf6 23. Rde1 f5 24. Bf3 Qh4 25.
a3 Bh6 26. Bxh6 Qxh6+ 27. Kb1 Nd2+ 28. Ka2 Rxe2 29. Rxe2 a6 30. Bd5 c6 31. Bf7 Ne4 32.
Bb3 g5 33. a4 a5 34. Ka3 Qd6+ 35. Ka2 Kc7 36. h3 Nc5 37. Bg8 Nxa4 38. Re6 Qd5+ 39. b3 Kb6 0-1

[Event "*** Titled Tuesday Blitz"]
[Site "Chess.com"]
[Date "2019.11.05"]
[Round "10"]
[White "Heineccius"]
[Black "LuckIsMySkill"]
[Result "0-1"]
[WhiteElo "2609"]
[BlackElo "2775"]
[TimeControl "180+2"]
[EndTime "15:20:48 PST"]
[Termination "LuckIsMySkill won by resignation"]

1. d4 Nf6 2. c4 g6 3. Nc3 d5 4.
cxd5 Nxd5 5. e4 Nxc3 6. bxc3 Bg7 7. Be3 O-O 8. Qd2 c5 9. Nf3 Bg4 10. Be2 e6 11. O-O Nc6 12. Rfd1 Qa5 13. Rab1 b6 14.
e5 Rfd8 15. Qb2 Rac8 16. Ng5 Bxe2 17. Qxe2 Qxc3 18. Ne4 Qa5 19. dxc5 bxc5 20. Nd6 Rb8 21. Nxf7 Rxb1 22. Rxb1 Kxf7 23. Qf3+ Kg8 24. Qxc6 Qxa2 25. Rc1 Qd5 26. Qxd5 exd5 27. Bxc5 Rc8 28. f4 g5 29. g3 gxf4 30. gxf4 Kf7 31. Kf2 Bf8 32. Be3 Rxc1 33. Bxc1 Ke6 34. Kf3 Kf5 35. Bd2 Bc5 36. h3 Bb6 37.
Bb4 a5 38. Ba3 a4 39. h4 h5 40. Be7 Bd4 41. Ba3 Bc3 42. Ke3 Be1 43. Kd4 Bxh4 44.
Kxd5 Bd8 45. e6 h4 46. Kd6 h3 47. Kd7 Bf6 48. Be7 h2 49. Bxf6 h1=Q 50. e7 Qd5+ 51. Kc8 Qc6+ 52. Kd8 Kxf6 0-1

[Event "*** Titled Tuesday Blitz"]
[Site "Chess.com"]
[Date "2019.11.05"]
[Round "10"]
[White "MITerryble"]
[Black "AndrBaryshpolets"]
[Result "1-0"]
[WhiteElo "2878"]
[BlackElo "2782"]
[TimeControl "180+2"]
[EndTime "15:20:50 PST"]
[Termination "MITerryble won by resignation"]

1. e4 e6 2. d4 d5 3. exd5 exd5 4. Nf3 Nf6 5. Bd3 Bg4 6. O-O Be7 7. h3 Bh5 8. Bf4 O-O 9. Nbd2 Bd6 10. Bg5 Re8 11. c3 Nbd7 12. Qc2 Bg6 13. Bxg6 hxg6 14.
Rfe1 c6 15. Rxe8+ Qxe8 16. Re1 Qf8 17. Bxf6 Nxf6 18. Ne5 Bxe5 19. dxe5 Re8 20. Qd1 Nd7 21. Nf3 Qc5 22. Qd4 Qxd4 23. cxd4 f6 24. Kf1 Kf7 25. h4 fxe5 26. dxe5 Ke6 27. Nd4+ Ke7 28. f4 Nc5 29. g3 Ne6 30. Nf3 c5 31. Ke2 Rd8 32. Rd1 b5 33. Ke3 b4 34. b3 a5 35.
Ng5 Nd4 36. g4 Rh8 37. Rh1 Nb5 38. h5 gxh5 39. gxh5 c4 40. f5 c3 41. h6 gxh6 42.
f6+ Ke8 43. e6 Nc7 44. Kd3 d4 45. Rh2 Rg8 46. f7+ Kf8 47. Nh7+ Ke7 48. fxg8=Q 1-0

[Event "*** Titled Tuesday Blitz"]
[Site "Chess.com"]
[Date "2019.11.05"]
[Round "10"]
[White "Azatic"]
[Black "IMAghasiyevKamal"]
[Result "1-0"]
[WhiteElo "2611"]
[BlackElo "2429"]
[TimeControl "180+2"]
[EndTime "15:20:52 PST"]
[Termination "Azatic won on time"]

1. e4 c5 2. Nf3 e6 3. d4 cxd4 4. Nxd4 a6 5. c4 Nf6 6. Nc3 Bb4 7. Bd3 Nc6 8. Nc2 Be7 9. O-O d6 10. f4 O-O 11. Be3 b6 12. Qe2 Qc7 13. Rac1 Rb8 14. g4 Bb7 15. g5 Nd7 16. Rf3 Rfe8 17. Rh3 Nf8 18. Qf2 Ba8 19. b4 Qd7 20. b5 axb5 21.
cxb5 e5 22. f5 Nd4 23. Rg3 Nxc2 24. Rxc2 d5 25. exd5 Bb4 26. g6 Bxc3 27. gxf7+ Qxf7 28. Rxc3 Rbc8 29. Rxc8 Rxc8 30. Bh6 Qxd5 31. Rxg7+ Kh8 32. Qg3 Qd4+ 33. Kf1 Qa1+ 34. Kf2 Qxa2+ 35. Ke3 Ng6 36. fxg6 Qd5 37. Rxh7+ Kg8 38. Rg7+ Kh8 39. Qh3 Qd4+ 40.
Ke2 Bg2 41. Qxc8+ 1-0

[Event "*** Titled Tuesday Blitz"]
[Site "Chess.com"]
[Date "2019.11.05"]
[Round "10"]
[White "przemekpiotrowski"]
[Black "SiddharthGMJagadeesh"]
[Result "1-0"]
[WhiteElo "2438"]
[BlackElo "2567"]
[TimeControl "180+2"]
[EndTime "15:20:56 PST"]
[Termination "przemekpiotrowski won by resignation"]

1. d4 d5 2. Nf3 Nf6 3. g3 e6 4. Bg2 Be7 5. O-O O-O 6. c4 dxc4 7.
Qc2 a6 8. a4 Bd7 9. Qxc4 Bc6 10.
Bg5 Bd5 11. Qd3 Nbd7 12. Nc3 c5 13. e4 Bc6 14. dxc5 Nxc5 15. Qxd8 Bxd8 16. Bxf6 Bxf6 17. e5 Bxf3 18. exf6 Bxg2 19. fxg7 Bxf1 20. gxf8=Q+ Kxf8 21. Kxf1 Rd8 22. Ke2 Ke7 23. b4 Nb3 24. Rd1 Nd4+ 25. Kf1 Nc6 26. Rxd8 Kxd8 27. b5 Nd4 28. bxa6 bxa6 29.
Ne4 Kc7 30. Ng5 Kb6 31. Nxh7 Ka5 32. Ng5 Kxa4 33. g4 Kb3 34. h4 a5 35. h5 Nc6 36.
h6 Ne7 37. f4 a4 38. f5 exf5 39. gxf5 a3 40. h7 a2 41. h8=Q Nxf5 42. Ne4 Ne3+ 43.
Ke2 Nc2 44. Qc3+ Ka4 45. Qxc2+ Ka3 46. Qc3+ Ka4 47. Qb2 a1=Q 48. Qxa1+ 1-0

[Event "*** Titled Tuesday Blitz"]
[Site "Chess.com"]
[Date "2019.11.05"]
[Round "10"]
[White "Witik"]
[Black "vinniethepooh"]
[Result "0-1"]
[WhiteElo "2596"]
[BlackElo "2706"]
[TimeControl "180+2"]
[EndTime "15:21:01 PST"]
[Termination "vinniethepooh won by resignation"]

1. d4 d5 2. Bf4 Nf6 3. e3 c5 4. c3 Nc6 5. Nd2 e6 6. Bd3 Bd6 7. Bxd6 Qxd6 8. f4 O-O 9. Ngf3 Ne7 10. Qe2 b6 11. O-O Bb7 12. Ne5 Ne4 13. Nxe4 dxe4 14. Ba6 Bxa6 15. Qxa6 f6 16. Nc4 Qc6 17. a4 Nd5 18.
Qb5 Rfc8 19. Rfc1 a6 20. Qb3 b5 21. axb5 axb5 22. Rxa8 Rxa8 23. Na3 Nxe3 24. Qxb5 Qxb5 25. Nxb5 Rb8 26. Nc7 cxd4 27. cxd4 Rxb2 28. Nxe6 Rxg2+ 29. Kh1 Rc2 30. Rxc2 Nxc2 31. d5 Kf7 32. Kg1 Nb4 33.
Nc7 f5 34. Kf2 Ke7 35. Kg3 g6 36. Kf2 Kd6 37. Ne8+ Kxd5 38. Nf6+ Kd4 39. Nxh7 Nd3+ 40. Kg3 e3 41. Kf3 Ne1+ 42. Ke2 Ng2 43. Kf3 Nh4+ 44.
Kg3 e2 45. Kf2 Kd3 46. Ng5 Kd2 0-1

[Event "*** Titled Tuesday Blitz"]
[Site "Chess.com"]
[Date "2019.11.05"]
[Round "10"]
[White "timator"]
[Black "marianokar"]
[Result "1-0"]
[WhiteElo "2670"]
[BlackElo "2489"]
[TimeControl "180+2"]
[EndTime "15:21:16 PST"]
[Termination "timator won by resignation"]

1. d4 Nf6 2. Nf3 e6 3. g3 d5 4.
Bg2 b5 5. O-O Bb7 6. a4 b4 7. c4 c5 8. cxd5 Bxd5 9. dxc5 Bxc5 10.
Bg5 Nbd7 11. Nbd2 O-O 12. e4 Bb7 13. e5 h6 14. Bh4 g5 15. exf6 Nxf6 16. Nxg5 Bxg2 17.
Kxg2 hxg5 18. Bxg5 Qd5+ 19. Nf3 Qxd1 20. Raxd1 Ne4 21.
Bh4 Rfc8 22. Nd2 Nxf2 23. Rxf2 Bxf2 24. Kxf2 Rc2 25. Bf6 Kh7 26. Ke2 Kg6 27. Bd4 Rd8 28. Bxa7 Rxb2 29. Bb6 Rd6 30. a5 Ra2 31. Bc5 Rd5 32.
Bxb4 Re5+ 33. Kd3 Rb5 34. Kc3 Ra4 35. Rb1 Raxa5 36. Bxa5 Rxa5 37. Kd3 Ra2 38. Rf1 f5 39. Ke3 Kg5 40. h3 e5 41. Nf3+ Kf6 42. Nh4 Ra3+ 43. Kf2 f4 44. Rg1 Ra2+ 45. Kf3 Ra3+ 46. Kg4 fxg3 47.
Rxg3 Ra4+ 48. Kh5 Rf4 49. Rf3 Rxf3 50. Nxf3 e4 51. Nd4 e3 52. Kg4 Ke5 53. Ne2 Ke4 54. h4 Kd3 55. Ng3 1-0

[Event "*** Titled Tuesday Blitz"]
[Site "Chess.com"]
[Date "2019.11.05"]
[Round "10"]
[White "Zaven_ChessMood"]
[Black "Firouzja2003"]
[Result "1-0"]
[WhiteElo "2887"]
[BlackElo "3053"]
[TimeControl "180+2"]
[EndTime "15:21:23 PST"]
[Termination "Zaven_ChessMood won by resignation"]

1. e4 c5 2. Nc3 d6 3. d4 cxd4 4. Qxd4 Nc6 5. Qd2 g6 6. b3 Bh6 7. f4 Nf6 8. Bb2 O-O 9. O-O-O e5 10. g3 exf4 11. gxf4 Re8 12. Bd3 Bg4 13. Nge2 Qa5 14. Kb1 Bxe2 15. Qxe2 Bxf4 16. Bc4 Be5 17. Qf3 Nd4 18.
Qh3 b5 19. Bxf7+ Kxf7 20. Nd5 Nxc2 21. Bxe5 Rxe5 22. Rhf1 Rxd5 23. Qd7+ Kg8 24. Qe6+ Kg7 25. Qxf6+ Kh6 26. Rxd5 Nb4 27. Rd2 Qd8 28. Rxd6 Qxf6 29. Rfxf6 Rc8 30. a4 bxa4 31. bxa4 Rc4 32. e5 Re4 33. e6 Re5 34. Rf7 Nd5 35. Rxa7 Nc3+ 36. Kc2 Ne4 37. Rc6 Nc5 38. e7 Nxa4 39. Rxa4 Rxe7 40. Rd4 Kh5 41. Rc5+ g5 42. h4 h6 43.
hxg5 hxg5 44. Kd3 Re6 45. Re4 Rd6+ 46. Ke3 Ra6 47. Kf3 Rf6+ 48. Kg3 Ra6 49. Re3 Rf6 50.
Kh3 Ra6 51. Rg3 Rg6 52. Rg2 Rg7 53. Kg3 Rd7 54. Rh2+ Kg6 55. Rc6+ Kf5 56. Rf2+ Ke4 57. Re6+ Kd5 58. Rg6 Ra7 59. Rxg5+ Ke4 60. Rf4+ Kd3 61. Re5 Rg7+ 62. Kf3 Rg1 63. Re3+ Kc2 64. Ke4 Kb2 65. Rf2+ Kb1 66. Kd3 Rd1+ 67. Kc3 Ka1 68. Rfe2 Rc1+ 69.
Kd4 Rd1+ 70. Ke4 Rd8 71. Rd3 Re8+ 72. Kf3 Rf8+ 73. Ke3 Re8+ 74. Kf2 Rf8+ 75. Ke1 1-0

[Event "*** Titled Tuesday Blitz"]
[Site "Chess.com"]
[Date "2019.11.05"]
[Round "10"]
[White "esskeettit"]
[Black "sergeikim"]
[Result "1-0"]
[WhiteElo "2462"]
[BlackElo "2537"]
[TimeControl "180+2"]
[EndTime "15:21:23 PST"]
[Termination "esskeettit won on time"]

1. e4 e5 2. Nf3 Nc6 3. Nc3 Nf6 4. Bb5 Bb4 5. O-O O-O 6. d3 d6 7. Bg5 Bxc3 8. bxc3 Qe7 9. Re1 Nd8 10. d4 Ne6 11.
Bd2 c6 12. Bc4 Qc7 13. Bd3 c5 14. d5 Nd8 15. Nh4 Ne8 16. Qh5 g6 17. Qh6 f6 18.
Qe3 Nf7 19. Qg3 Ng7 20. f4 exf4 21. Qf2 g5 22. Nf5 Ne5 23. h4 c4 24. Nh6+ Kh8 25. Be2 Bd7 26. g3 fxg3 27. Qxg3 Nf7 28. hxg5 Nxg5 29.
Bxg5 fxg5 30. Rf1 Qc5+ 31. Kh1 g4 32. Bxg4 Bxg4 33. Qxg4 Qe3 34. Nf7+ Kg8 35. Ng5 h5 36. Qg2 Rf4 37. Rxf4 Qxf4 38. Ne6 Qh4+ 39. Kg1 Qf6 40. Rf1 Qxc3 41. Rf3 Qa1+ 42. Kh2 Kh8 43. c3 Rg8 44. Rh3 Qd1 45. Nf4 Ne8 46. Ng6+ 1-0

[Event "*** Titled Tuesday Blitz"]
[Site "Chess.com"]
[Date "2019.11.05"]
[Round "10"]
[White "colegiodemadrid"]
[Black "codapbg94"]
[Result "1-0"]
[WhiteElo "2417"]
[BlackElo "2172"]
[TimeControl "180+2"]
[EndTime "15:21:26 PST"]
[Termination "colegiodemadrid won on time"]

1. Nf3 Nf6 2. c4 g6 3. b3 Bg7 4.
Bb2 O-O 5. g3 d6 6. d4 Nbd7 7.
Bg2 Qe8 8. Nc3 e5 9. Nb5 e4 10. Ng5 e3 11. f3 Qd8 12. O-O Re8 13. Ne4 Nh5 14. Qd3 f5 15. Nec3 a6 16. Na3 f4 17.
g4 Nhf6 18. h3 c6 19. Ne4 Qe7 20. Nc2 Nxe4 21. fxe4 g5 22. Bf3 Nf6 23. e5 dxe5 24. dxe5 Nd7 25. Rad1 Nxe5 26. Bxe5 Qxe5 27. Ne1 Be6 28. Qd6 Qxd6 29. Rxd6 Rad8 30. Rxd8 Rxd8 31. Nd3 Kf7 32. Kg2 h6 33. h4 Bf6 34. hxg5 hxg5 35.
Rh1 Rh8 36. Rxh8 Bxh8 37. Nc5 Bc8 38. Be4 Bd4 39. Nd3 Kf6 40. Kf3 c5 41. Bd5 b5 42.
cxb5 axb5 43. a4 bxa4 44. bxa4 Ba6 45. Nb2 Ke5 46. Bc4 Bxc4 47. Nxc4+ Kd5 48. Nb6+ Kc6 49. Nc4 Kd5 50. Nb6+ Kc6 51. Nc4 Kb7 52. Ke4 Ka6 53.
Kd3 Bf6 54. Nd6 Bd4 55. Ne4 Ka5 56. Nxg5 Kxa4 57. Ne6 1-0

[Event "*** Titled Tuesday Blitz"]
[Site "Chess.com"]
[Date "2019.11.05"]
[Round "10"]
[White "Vasily85"]
[Black "Hadza_3"]
[Result "1-0"]
[WhiteElo "2250"]
[BlackElo "2358"]
[TimeControl "180+2"]
[EndTime "15:21:30 PST"]
[Termination "Vasily85 won by resignation"]

1. Nf3 Nf6 2. d4 g6 3. c4 Bg7 4.
Nc3 d6 5. Bg5 O-O 6. e3 Nbd7 7.
Qc2 h6 8. Bh4 c6 9. Be2 Qa5 10.
O-O e5 11. Rab1 Re8 12. b4 Qc7 13. c5 d5 14. dxe5 Nxe5 15. Bg3 Nxf3+ 16. Bxf3 Qe7 17. Bd6 Qd8 18. b5 Bf5 19. Qa4 Bxb1 20. Rxb1 Qd7 21. bxc6 bxc6 22. Qa6 Rec8 23. h3 Ne8 24.
Nxd5 Nxd6 25. Nb4 Qf5 26. Rc1 Ne4 27. Nxc6 Kh7 28. Ne7 Rxc5 29. Nxf5 Rxc1+ 30. Kh2 gxf5 31. Qa5 Kg6 32. Qd5 Re8 33. g4 Re5 34. gxf5+ Kh7 35.
Qd3 Nxf2 36. Qd2 Rxf5 37. Qxf2 Kg8 38. Qe2 Rb1 39. Be4 Rg5 40. Bxb1 Be5+ 41. Kh1 h5 42.
Qd3 h4 43. Qh7+ Kf8 44. Qh6+ Rg7 45. Qxh4 f6 46. Be4 Ke7 47. Qh6 Rg3 48. Qh7+ Kd6 49.
Bf5 Rxe3 50. Qd7+ Kc5 51. Qxa7+ 1-0

[Event "*** Titled Tuesday Blitz"]
[Site "Chess.com"]
[Date "2019.11.05"]
[Round "10"]
[White "Orest_Vovk"]
[Black "RitvarsReimanis"]
[Result "1/2-1/2"]
[WhiteElo "2430"]
[BlackElo "2591"]
[TimeControl "180+2"]
[EndTime "15:21:31 PST"]
[Termination "Game drawn by agreement"]

1. h3 b6 2. Nf3 Bb7 3. d4 Nf6 4. c4 e6 5. Nc3 Bb4 6. Bd2 d5 7.
cxd5 Nxd5 8. Nxd5 Bxd2+ 9. Qxd2 Bxd5 10. e3 O-O 11. Be2 Nd7 12. O-O c5 13. dxc5 Nxc5 14. Qd4 Qe7 15. Rfd1 Rfd8 16. Qf4 Qf6 17. Qxf6 gxf6 18.
b3 Be4 19. Rxd8+ Rxd8 20. Rd1 Rxd1+ 21. Bxd1 a5 22. Nd2 Bd3 23. f3 Kf8 24. Kf2 f5 25. Be2 Ke7 26. Ke1 Kd6 27. Bxd3 Nxd3+ 28. Kd1 b5 29. Nb1 Kc5 30. Kd2 Nb4 31. Nc3 h5 32. a3 Nc6 33. Ne2 h4 34. Kc3 b4+ 35. axb4+ Nxb4 36. g3 Nd5+ 37. Kd2 Kb4 38. gxh4 Kxb3 39. h5 a4 40. h6 Nf6 41. Kd3 a3 42. f4 a2 43.
Nc1+ Kb2 44. Nxa2 Kxa2 45. Kd4 Kb3 46. Ke5 Nh7 47. Kd6 Nf6 48. Ke7 Ng8+ 49. Kxf7 Nxh6+ 50. Kxe6 Kc4 51. Kf6 Kd3 52. Kg6 Kxe3 53. Kxh6 Kxf4 54.
Kg6 Ke5 55. h4 f4 56. h5 f3 57. h6 f2 58. h7 f1=Q 59. h8=Q+ Kd5 60. Qa8+ Kd4 61.
Qa7+ Kc3 62. Qa3+ Kd2 63. Qb2+ Ke1 1/2-1/2

[Event "*** Titled Tuesday Blitz"]
[Site "Chess.com"]
[Date "2019.11.05"]
[Round "10"]
[White "wonderfultime"]
[Black "liczner"]
[Result "0-1"]
[WhiteElo "2937"]
[BlackElo "2814"]
[TimeControl "180+2"]
[EndTime "15:21:33 PST"]
[Termination "liczner won by resignation"]

1. d4 Nf6 2. Nf3 g6 3. Bg5 Bg7 4. Nbd2 d5 5. e3 c5 6. c3 O-O 7. Bd3 b6 8. O-O Ba6 9. Bxa6 Nxa6 10. Ne5 Nb8 11. Bh4 Nfd7 12. f4 f6 13. Qf3 Nxe5 14.
fxe5 fxe5 15. Qg4 Rxf1+ 16. Rxf1 Qd7 17. Qf3 Nc6 18. dxc5 Rf8 19. Qe2 Rxf1+ 20. Qxf1 bxc5 21. Qb5 Bh6 22. Qxc5 Qd6 23. Qxd6 Bxe3+ 24. Bf2 Bxf2+ 25. Kxf2 exd6 26. c4 dxc4 27. Nxc4 d5 28. Ne3 d4 29. Nc4 e4 30. Nd6 e3+ 31. Kf3 Kg7 32. a3 Kf6 33. b4 Ke5 34. Nf7+ Kd5 35. Ng5 Ne5+ 36. Ke2 h6 37.
Nh7 Nd7 38. g4 Ke4 39. g5 d3+ 40. Ke1 hxg5 41. Nxg5+ Kd4 42. b5 Nc5 43. h4 Kc3 44. Nf3 Nb3 45. a4 Kc2 46. Kf1 d2 47. Ke2 d1=Q+ 48. Kxe3 Qc1+ 49. Ke4 Nd2+ 50. Nxd2 Qxd2 0-1

[Event "*** Titled Tuesday Blitz"]
[Site "Chess.com"]
[Date "2019.11.05"]
[Round "10"]
[White "ChessQueen"]
[Black "IvanRadivojevic"]
[Result "1-0"]
[WhiteElo "2688"]
[BlackElo "2515"]
[TimeControl "180+2"]
[EndTime "15:21:48 PST"]
[Termination "ChessQueen won by resignation"]

1. Nf3 d6 2. e4 Bg4 3. d4 Nf6 4. Nc3 Nbd7 5. h3 Bxf3 6. Qxf3 e5 7. d5 Be7 8. Be3 c6 9. O-O-O Qa5 10. Kb1 O-O 11.
g4 cxd5 12. Nxd5 Nxd5 13. Rxd5 Qc7 14. g5 Rac8 15. Bd3 Nb6 16. Bxb6 Qxb6 17. Rg1 Rc5 18. h4 Rfc8 19. h5 g6 20. hxg6 hxg6 21. Qh3 Bf8 22. Rh1 Bg7 23. Qd7 R5c7 24. Qxd6 Qxf2 25. a3 Qf4 26. b3 Qxg5 27. Bc4 a6 28. Qb6 Qg2 29. Rhd1 Qxe4 30. Rd8+ Kh7 31. Rxc8 Rxc8 32. Bd3 Qc6 33. Qe3 e4 34. Qh3+ Kg8 35. Bxe4 Qc3 36. Qxc3 Bxc3 37. Bxb7 Re8 38. Bxa6 f5 39. Bc4+ Kg7 40. b4 g5 41. Ka2 Re1 42. Rd7+ Kf6 43. Kb3 Be5 44. b5 g4 45. Rf7+ Kg5 46. Rf8 g3 47. Rg8+ Kf4 48.
Bd5 Rb1+ 49. Ka4 Rb2 50. c4 Bd6 51. Ka5 Bxa3 52. b6 Bb4+ 53. Ka6 Bc5 54. b7 Rb6+ 55. Ka5 Rb2 56. b8=Q+ Rxb8 57. Rxb8 1-0

[Event "*** Titled Tuesday Blitz"]
[Site "Chess.com"]
[Date "2019.11.05"]
[Round "10"]
[White "WeAintSurePal"]
[Black "tteshan"]
[Result "1-0"]
[WhiteElo "2459"]
[BlackElo "2305"]
[TimeControl "180+2"]
[EndTime "15:21:51 PST"]
[Termination "WeAintSurePal won by resignation"]

1. e4 c5 2. Nf3 d6 3. d4 cxd4 4. Nxd4 Nf6 5. Nc3 Nc6 6. Be2 g6 7. Be3 Bg7 8. O-O O-O 9. Kh1 Bd7 10. Nb3 a6 11. f4 b5 12. a3 Qc8 13. f5 Ne5 14.
Bg5 Qb7 15. Bxf6 Bxf6 16. Nd5 Bg5 17. f6 exf6 18. Rxf6 Bxf6 19. Nxf6+ Kg7 20. Qxd6 Qc6 21. Nh5+ gxh5 22. Qxe5+ Qf6 23. Qxh5 Rfe8 24. Rf1 Qg6 25. Qd5 Bc6 26. Qd4+ Kg8 27. Rf3 Rxe4 28. Qf2 Rxe2 29. Qxe2 Bxf3 30. Qxf3 Re8 31. h3 Qxc2 32. Nd4 Qe4 33.
Qg3+ Kh8 34. Nf3 Qg6 35. Qf4 h6 36. Ne5 Qg7 37. Nxf7+ Kh7 38. Nd6 Rf8 39. Qe4+ Kh8 40. Qd5 Qf6 41. Ne4 Qf1+ 42. Kh2 Qf4+ 43. Kh1 Qf7 44.
Qe5+ Qg7 45. Qd5 Rf1+ 46. Kh2 Qc7+ 47. Ng3 Rf8 48. Qd4+ Qg7 49. Qd6 Rg8 50. Qf4 Kh7 51. Qf5+ Qg6 52. Qf3 Rg7 53. Nf5 Rf7 54. g4 h5 55. Qe4 hxg4 56. hxg4 Rg7 57. Kg3 Rg8 58. Qe7+ Kh8 59. Qh4+ Qh7 60. Qf6+ Rg7 61. Qxg7+ Qxg7 62. Nxg7 Kxg7 63. Kf4 Kf6 64. g5+ Kg6 65. Kg4 a5 66. b4 axb4 67. axb4 Kf7 68. Kf5 Kg7 69. g6 Kf8 70. Kf6 Kg8 71. g7 Kh7 72. Kf7 1-0

[Event "*** Titled Tuesday Blitz"]
[Site "Chess.com"]
[Date "2019.11.05"]
[Round "10"]
[White "Korchmar_Vasiliy"]
[Black "rasmussvane"]
[Result "1-0"]
[WhiteElo "2746"]
[BlackElo "2836"]
[TimeControl "180+2"]
[EndTime "15:21:52 PST"]
[Termination "Korchmar_Vasiliy won by resignation"]

1. d4 e6 2. c4 b6 3. e4 Bb4+ 4. Bd2 Bxd2+ 5. Qxd2 d5 6. cxd5 exd5 7. e5 Ne7 8. Nc3 O-O 9. Nf3 c5 10. Bd3 Nbc6 11. O-O Bg4 12. Ng5 Bf5 13. Bxf5 Nxf5 14. dxc5 d4 15. Nb5 Nxe5 16. Qf4 g6 17. cxb6 Nd3 18.
Qd2 axb6 19. Nxf7 Rxf7 20. Qxd3 Qd5 21. a4 Rd8 22. Rfd1 Nh4 23. Qg3 Nf5 24. Qg4 Re7 25. Rd3 Rde8 26. h3 Re1+ 27. Rxe1 Rxe1+ 28. Kh2 Qe5+ 29. f4 Qe4 30. Qf3 Qxf3 31. gxf3 Re2+ 32. Kg1 Rxb2 33. Nxd4 Rb4 34. Nxf5 gxf5 35. Kf2 Rxa4 36.
Kg3 Ra5 37. Kh4 Rc5 38. Kg5 Kf7 39. Rd6 b5 40. Rb6 Ke7 41. h4 Kd7 42. Rb7+ Kc8 43. Rxh7 b4 44. Re7 b3 45. Re1 b2 46. Rb1 Rc2 47.
Kxf5 Kd7 48. Kf6 Ke8 49. f5 Kf8 50. h5 Rc6+ 51. Kg5 Rc2 52. h6 Kf7 53. h7 Kg7 54. Rh1 Kh8 55. f6 Rh2 56. f7 Kg7 57. Rxh2 b1=Q 58.
h8=Q+ Kxf7 59. Qh7+ 1-0

[Event "*** Titled Tuesday Blitz"]
[Site "Chess.com"]
[Date "2019.11.05"]
[Round "10"]
[White "HrvojeZagreb"]
[Black "MathiasWomacka"]
[Result "1/2-1/2"]
[WhiteElo "2182"]
[BlackElo "2293"]
[TimeControl "180+2"]
[EndTime "15:21:56 PST"]
[Termination "Game drawn by stalemate"]

1. d4 Nf6 2. Bf4 c5 3. e3 e6 4. c3 d5 5. Nd2 Bd6 6. Bg3 O-O 7.
Ngf3 Qc7 8. Ne5 Nc6 9. f4 Ne4 10. Nxe4 dxe4 11. Be2 cxd4 12. cxd4 Bb4+ 13. Kf2 Ne7 14.
a3 Bd6 15. Rc1 Qd8 16. Bh4 f6 17. Nc4 Nf5 18. Nxd6 Qxd6 19. Bg3 Bd7 20. h3 Qb6 21. Qd2 Bb5 22. Bxb5 Qxb5 23. Bh2 Rac8 24. g4 Ne7 25.
Rxc8 Rxc8 26. Rc1 Rxc1 27. Qxc1 Kf7 28. Qc2 Nd5 29. f5 Qf1+ 30. Kg3 Qe1+ 31. Qf2 Qxe3+ 32.
Qxe3 Nxe3 33. Kf4 Nc4 34. fxe6+ Kxe6 35. Kxe4 Nxb2 36. d5+ Kd7 37. Bb8 a6 38. Kd4 b5 39. Kc5 g6 40. h4 f5 41. gxf5 gxf5 42. h5 f4 43. Kb6 Nc4+ 44. Kxa6 Nxa3 45. Bxf4 b4 46. Bc1 Kd6 47. Ka5 Nc2 48. Ka4 Kc5 49. Kb3 Nd4+ 50. Kb2 Kxd5 51. Bd2 b3 52. Bc3 Ne2 53.
Kxb3 Nf4 54. Ba5 Nxh5 55. Kc2 Ke4 56. Kd1 Kf3 57. Ke1 Ng3 58. Bb6 h5 59. Bd8 Kg4 60.
Kf2 Ne4+ 61. Kg2 Ng5 62. Bxg5 Kxg5 63. Kh3 h4 64. Kh2 Kg4 65. Kh1 h3 66. Kh2 Kh4 67.
Kh1 Kg3 68. Kg1 h2+ 69. Kh1 Kh3 1/2-1/2

[Event "*** Titled Tuesday Blitz"]
[Site "Chess.com"]
[Date "2019.11.05"]
[Round "10"]
[White "riconaipe"]
[Black "JSPrepz"]
[Result "1/2-1/2"]
[WhiteElo "2634"]
[BlackElo "2815"]
[TimeControl "180+2"]
[EndTime "15:22:01 PST"]
[Termination "Game drawn by repetition"]

1. d4 Nf6 2. c4 c5 3. e3 cxd4 4.
exd4 g6 5. Nc3 Bg7 6. Nf3 O-O 7. Be3 d5 8. cxd5 Nxd5 9. Bc4 Nb6 10. Bb3 Nc6 11. O-O Bg4 12. h3 Bxf3 13. Qxf3 Nxd4 14. Bxd4 Qxd4 15. Qxb7 Qb4 16. Rfe1 e6 17. Rac1 Qf4 18.
Rc2 Rfd8 19. Qe4 Qg5 20. h4 Qh5 21. Ne2 Nd5 22. Ng3 Qh6 23. Bxd5 Rxd5 24. Qg4 Rad8 25. Rc7 Rd4 26. Qe2 Qxh4 27. Rxa7 Qf4 28. Qf3 Qxf3 29.
gxf3 Rd2 30. Re2 Rxe2 31. Nxe2 Bxb2 32. a4 Rd2 33. Kf1 Rd1+ 34. Kg2 h5 35. a5 Re1 36. Ng3 Bd4 37. Rd7 Bc5 38. Ne4 Bb4 39. a6 Ra1 40.
a7 Kg7 41. Rb7 Bf8 42. Ng5 Kf6 43. f4 Be7 44. Nh7+ Kg7 45. Rxe7 Kxh7 46. Rxf7+ Kh6 47. Kf3 Ra3+ 48. Ke4 h4 49. Ke5 h3 50. Rd7 h2 51.
Rd1 Rxa7 52. Rh1 Ra5+ 53. Kxe6 Rh5 54. Kf6 Kh7 55. f3 Kh6 56. Kf7 Rh4 57. Ke6 Rxf4 58.
Rxh2+ Kg5 59. Rg2+ Kh5 60. Rh2+ Kg5 61. Rg2+ Kh6 62.
Rg3 Kh5 63. Ke5 g5 64. Rh3+ Kg6 65. Rg3 Ra4 66. Rh3 Rf4 67. Rg3 Kh6 68. Rh3+ Kg6 1/2-1/2

[Event "*** Titled Tuesday Blitz"]
[Site "Chess.com"]
[Date "2019.11.05"]
[Round "10"]
[White "kingofthenil"]
[Black "snowlord"]
[Result "1-0"]
[WhiteElo "2552"]
[BlackElo "2697"]
[TimeControl "180+2"]
[EndTime "15:22:04 PST"]
[Termination "kingofthenil won by resignation"]

1. d4 e6 2. c4 b6 3. a3 Nf6 4. Nc3 Bb7 5. Bg5 Be7 6. e3 c5 7.
Nf3 cxd4 8. exd4 O-O 9. Be2 d5 10. O-O dxc4 11. Bxc4 Nc6 12. Re1 Rc8 13. Ba2 Nd5 14.
Bxd5 Bxg5 15. Be4 Bf6 16. Qd3 h6 17. Rad1 Re8 18. g3 Ba8 19. b4 a5 20. b5 Ne7 21.
Ne5 Bxe4 22. Nxe4 Nd5 23. Nc6 Qd7 24. Qf3 Rc7 25. a4 Rec8 26. h4 Be7 27. Re2 Nb4 28. Nxb4 axb4 29. d5 Rc1 30. Rd2 exd5 31. Rxd5 Qe6 32.
Kg2 b3 33. Rxc1 Rxc1 34. Nd2 b2 35. Rd3 b1=Q 36. Nxb1 Rxb1 37. Qa8+ Kh7 38. Re3 Qc4 39. Rxe7 Qf1+ 40. Kh2 Qxf2+ 41. Qg2 Qxg2+ 42. Kxg2 Rb4 43.
Rxf7 Rxa4 44. Rb7 Kg6 45. Rxb6+ Kf5 46. Kh3 Rb4 47. Rb8 g5 48. Rf8+ Kg6 49. hxg5 hxg5 50. Rb8 Kh5 51. g4+ Kg6 52. Kg3 Rb3+ 53. Kf2 Kf6 54. b6 Ke5 55. b7 Kd6 56. Rd8+ Kc7 57. b8=Q+ Rxb8 58. Rxb8 Kxb8 59. Ke3 Kc7 60. Ke4 Kd6 61.
Kf5 Ke7 62. Kxg5 Kf7 63. Kh6 Kf8 64. Kh7 1-0

[Event "*** Titled Tuesday Blitz"]
[Site "Chess.com"]
[Date "2019.11.05"]
[Round "10"]
[White "2165149677570"]
[Black "BIG_Pirate"]
[Result "1-0"]
[WhiteElo "2319"]
[BlackElo "2426"]
[TimeControl "180+2"]
[EndTime "15:22:04 PST"]
[Termination "2165149677570 won by resignation"]

1. e4 d5 2. exd5 Qxd5 3. Nc3 Qa5 4. d4 Nf6 5. Nf3 Bg4 6. h3 Bh5 7. g4 Bg6 8. Bg2 Nc6 9. Bf4 O-O-O 10. O-O e6 11. a3 Qb6 12. Na4 Qa6 13. b3 h5 14.
g5 Nd5 15. Bh2 h4 16. c4 Nde7 17. Nc5 Qb6 18. b4 Nf5 19. Na4 Qa6 20. b5 Qa5 21. bxc6 b6 22. Be5 Bh5 23. Nb2 Be7 24. Qc2 f6 25. Bh2 Bxf3 26. Bxf3 Nxd4 27. Qe4 Qxg5+ 28. Kh1 f5 29. Qe3 Nc2 30. Qxg5 Bxg5 31. Rad1 Nd4 32. Bg2 Bf6 33. Nd3 Nc2 34. Nf4 e5 35. Ng6 Rhe8 36. Bd5 Nd4 37. Bf7 Rf8 38. Nxf8 Rxf8 39. Bd5 f4 40. f3 g5 41. Bg1 Nf5 42. Be4 Ng3+ 43.
Kg2 Nxf1 44. Kxf1 Rd8 45. Bf5+ Kb8 46. Rxd8+ Bxd8 47. Ke2 Be7 48. a4 a6 49. Kd3 Bb4 50.
Ke4 Bc3 51. Kd5 Ka7 52. Ke6 Kb8 53. Kd7 Bb2 54. Bf2 Bc3 55. Be4 Bb2 56. Be1 a5 57.
Bd2 Bd4 58. Bc1 Bc3 59. Ba3 Bb4 60. Bb2 Bd6 61. Ke6 Bc5 62. Bxe5 1-0